 Dungeon Crawl Stone Soup version 0.22.1-1-ga44c0e5 (webtiles) character file.

13 captainparallel the Charmwright (level 2, -1/22 HPs)
             Began as a Demonspawn Skald on Oct 15, 2018.
             Slain by a worker ant (4 damage)
             ... on level 2 of the Dungeon.
             The game lasted 00:05:30 (476 turns).

captainparallel the Charmwright (Demonspawn Skald)   Turns: 476, Time: 00:05:30

Health: -1/22      AC:  5    Str: 10 (11) XL:     2   Next: 24%
Magic:  5/5        EV: 11    Int: 12 (14) God:
Gold:   21         SH:  0    Dex:  9 (12) Spells: 4/5 levels left

rFire    + . .     SeeInvis .   a - +0 spear
rCold    + . .     Gourm    .   (no shield)
rNeg     . . .     Faith    .   b - +0 leather armour
rPois    +         Spirit   .   (no helmet)
rElec    +         Reflect  .   (no cloak)
rCorr    +         Harm     .   (no gloves)
MR       .....                  (no boots)
Stlth    +.........             (no amulet)
HPRegen  0.07/turn              (no ring)
MPRegen  0.09/turn              (no ring)

@: resistant
A: icy blue scales 1
a: no special abilities


You were on level 2 of the Dungeon.
You were not hungry.

You visited 1 branch of the dungeon, and saw 2 of its levels.

You collected 21 gold pieces.

Inventory:

Hand Weapons
 a - a +0 spear (weapon)
 f - a +0 club
 g - a +0 short sword
Missiles
 c - 66 stones (quivered)
Armour
 b - a +0 leather armour (worn)
 i - a +0 robe
Jewellery
 k - an uncursed ring of wizardry {unknown}
Comestibles
 d - 2 rations


   Skills:
 + Level 2.1 Fighting
 + Level 2.1 Polearms
 + Level 1.1 Armour
 + Level 1.7 Dodging
 + Level 2.1 Spellcasting
 + Level 2.8 Charms


You had 4 spell levels left.
You knew the following spells:

 Your Spells              Type           Power        Failure   Level  Hunger
a - Infusion              Chrm           #...         11%         1    ##.....

Your spell library contained the following spells:

 Spells                   Type           Power        Failure   Level  Hunger
 Song of Slaying          Chrm           #.......     17%         2    ###....
 Shroud of Golubria       Chrm/Tloc      #.........   30%         2    ###....
 Regeneration             Chrm/Necr      #.........   52%         3    ####...
 Spectral Weapon          Hex/Chrm       #.......     52%         3    ####...


Dungeon Overview and Level Annotations

Branches:
Dungeon (2/15)

Altars:
Cheibriados

Annotations:
D:2 1 transporter


Innate Abilities, Weirdness & Mutations

You are partially covered in icy blue scales. (AC +2)


Message History

You hit the worker ant but do no damage.
The worker ant is moderately wounded.
The worker ant closely misses you.
You barely miss the worker ant.
The worker ant is moderately wounded.
The worker ant closely misses you.
You barely miss the worker ant.
The worker ant is moderately wounded.
The worker ant closely misses you.
You closely miss the worker ant.
The worker ant is moderately wounded.
The worker ant closely misses you. The worker ant bites you!
* * * LOW HITPOINT WARNING * * *
You hit the worker ant.
The worker ant is heavily wounded.
The worker ant misses you.
You closely miss the worker ant.
The worker ant is heavily wounded.
The worker ant bites you.
You die...

#..##.###########.
##.##...#..†...(......
.##.....©.....####.####.
....#########..# #.# #.
...##8$:_.$8##.# #.# #.
...#..$%$(?..#.# #.# #.
...#.........#.# #.# #.
...#.........#.# #.## #.
#..#...@a...©#.##.#.###)
#..#.........#...###....
#..#....©....#.##.#.###.
...#.........#.# #.## ##
##.##8.....8##.# #.###
#..#########..# #...#
##.....©.....## ###.#
#####...##### #.# ##..#
#.#


You could see a worker ant.

Vanquished Creatures
  2 giant cockroaches (D:2)
  2 goblins
  4 kobolds
  4 rats (D:2)
12 creatures vanquished.

Notes
Turn   | Place    | Note
-------+----------+-------------------------------------------
     0 | D:1      | captainparallel the Demonspawn Skald began the quest for
                  | the Orb.
     0 | D:1      | Reached XP level 1. HP: 16/16 MP: 3/3
   313 | D:2      | Reached skill level 1 in Armour
   338 | D:2      | Gained mutation: You are partially covered in icy blue
                  | scales. (AC +2) [demonic ancestry]
   338 | D:2      | Reached XP level 2. HP: 16/22 MP: 5/5
   418 | D:2      | Found a snail-covered altar of Cheibriados.
   419 | D:2      | Found a transporter.
   439 | D:2      | Found a transporter.
   469 | D:2      | HP: 1/22 [poisoned by a worker ant]
   476 | D:2      | Slain by a worker ant

Skill      XL: |  1 |
---------------+----+-----
Armour         | 1 |  1.1
Polearms       | 2 |  2.1
Fighting       | |  2.1
Dodging        | |  1.7
Spellcasting   | |  2.1
Charms         | |  2.8

Action                   || total
-------------------------++-------
Melee: Spear             ||    46
Throw: Stone             ||     6
 Cast: Infusion          ||     1
  Use: Potion            ||     3
Armor: Leather armour    ||    10
Dodge: Dodged            ||    34
